 Dungeon Sprint DCSS version 0.22.1-1-ga44c0e56f4 (webtiles) character file.

592 Freyura the Skirmisher (level 7, -1/72 HPs)
             Began as a Naga Fighter on Oct 7, 2018.
             Was a Believer of Cheibriados.
             Slain by a deep elf knight
             ... wielding a +0 long sword
              (10 damage)
             ... in the Dungeon (Sprint V: "Ziggurat Sprint").
             The game lasted 00:09:38 (225 turns).

Freyura the Skirmisher (Naga Fighter)                Turns: 225, Time: 00:09:39

Health: -1/72      AC: 15    Str: 27    XL:     7   Next: 39%
Magic:  11/11      EV:  7    Int: 14    God:    Cheibriados [**....]
Gold:   0          SH: 21    Dex: 29    Spells: 6/6 levels left

rFire    . . .     SeeInvis +   G - +10 double sword "Plog" {slice, Str+4}
rCold    . . .     Gourm    .   K - +3 large shield
rNeg     . . .     Faith    .   M - +5 storm dragon scales
rPois    +         Spirit   .   (no helmet)
rElec    +         Reflect  .   (no cloak)
rCorr    .         Harm     .   (no gloves)
MR       .....     NoTele   +   (no barding)
Stlth    ..........             (no amulet)
HPRegen  0.22/turn              z - +6 ring of dexterity
MPRegen  0.12/turn              A - +6 ring of dexterity

@: studying Long Blades, very slow
A: large, see invisible, deformed body, poison resistance, slowness 2, slow
metabolism 1, spit poison 1, AC +2
a: Spit Poison, Bend Time, Renounce Religion


You were in the Dungeon.
You worshipped Cheibriados.
Cheibriados was pleased with you.
You were not hungry.

You visited 1 branch

Inventory:

Hand Weapons
 F - the +7 Singing Sword
   (You found it in the Dungeon)
 G - the +10 double sword "Plog" (weapon) {slice, Str+4}
   (You found it in the Dungeon)

   It inflicts extra damage upon your enemies.
   It affects your strength (+4).
 H - the +11 plutonium sword {*Contam Stlth-}
   (You found it in the Dungeon)

   It causes magical contamination when unequipped.
   It makes you less stealthy.
 I - the +0 sword of Power
   (You found it in the Dungeon)
 N - a +5 demon blade
 O - a +5 double sword
Armour
 K - a +3 large shield (worn)
 L - +5 gold dragon scales
 M - +5 storm dragon scales (worn)
Jewellery
 b - the ring of Shadows {Umbra +Inv Stlth+}
   (You found it in the Dungeon)

   [ring of stealth]

   It lets you turn invisible.
   It makes you more stealthy.
 z - a +6 ring of dexterity (left hand)
 A - a +6 ring of dexterity (right hand)
 B - a +6 ring of intelligence
 C - a +6 ring of intelligence
 D - a +6 ring of strength
 E - a +6 ring of strength
Wands
 w - a wand of disintegration (6)
 x - a wand of iceblast (2)
 y - a wand of acid (7)
Scrolls
 k - 4 scrolls of blinking
 q - 4 scrolls of amnesia
 r - 7 scrolls of fog
 s - a scroll of holy word
 t - 5 scrolls of identify
 u - 5 scrolls of remove curse
 v - 2 scrolls of fear
Potions
 d - 6 potions of might
 e - 10 potions of curing
 g - 10 potions of heal wounds
 i - 7 potions of magic
 j - 3 potions of berserk rage
 l - 2 potions of brilliance
 m - 2 potions of invisibility
 n - 4 potions of resistance
 p - 5 potions of agility
Books
 a - a manual of Long Blades
Miscellaneous
 J - a lightning rod (4/4)
Comestibles
 f - 7 rations


   Skills:
 + Level 7.1 Fighting
 + Level 6.9 Long Blades
 + Level 6.0 Armour
 + Level 4.1 Dodging
 + Level 6.0 Shields
 + Level 5.5 Invocations
 + Level 5.1 Evocations


You had 6 spell levels left.
You didn't know any spells.
Your spell library was empty.

Dungeon Overview and Level Annotations

Branches:
Dungeon (1/1)

Altars:
Ashenzari
Cheibriados
Dithmenos
Elyvilon
Fedhas
Gozag
Hepliaklqana
Kikubaaqudgha
Makhleb
Nemelex Xobeh
Okawaru
Qazlal
Ru
Sif Muna
Trog
Uskayaw
Vehumet
Wu Jian
Xom
Yredelemnul
Zin
The Shining One
Beogh
Jiyva
Lugonu

Annotations:
D 1 transporter


Innate Abilities, Weirdness & Mutations

You cannot wear boots.
Your serpentine skin is tough. (AC +2)
You have supernaturally acute eyesight. (SInv)
Armour fits poorly on your strangely shaped body.
Your system is resistant to poisons. (rPois)
You cover ground very slowly.
You have a slow metabolism.
You can spit poison.


Message History

You block the stone arrow.
The dire flail of protection barely misses you.
The deep elf archer blinks!
You slash the deep elf knight!
The deep elf knight is almost dead.
You block the mace of holy wrath's attack.
You block the deep elf knight's attack. The dire flail of protection hits you!
You block the mace of holy wrath's attack.
The deep elf knight casts a spell at you.
The stone arrow misses you.
You block the dire flail of protection's attack.
You closely miss the deep elf knight.
The deep elf knight is almost dead.
You block the mace of holy wrath's attack.
The deep elf knight hits you but does no damage.
The dire flail of protection hits you!
* * * LOW HITPOINT WARNING * * *
You block the mace of holy wrath's attack.
The deep elf knight hits you with a long sword!
You die...

▓▓▓▓▓▓▓▓▓▓▓▓▓▓▓▓▓▓▓
▓.8©8.▓.8©8.▓.8©8.▓
▓.}[).▓..)).▓.....▓
▓..[..▓.....▓...).▓
▓.e...▓.....▓.....▓
▓..§..▓.....▓..†..▓
▓.e((.▓.....▓..©..▓
▓..@..▓..©..▓▓▓▓▓▓▓
▓▓▓▓▓▓▓▓▓▓▓▓▓


You could see a deep elf archer, a deep elf knight and 2 dancing weapons.

Vanquished Creatures
  An ugly thing (D)
  A hog (shapeshifter) (D)
  A quasit (D)
  A shadow imp (D)
  An ufetubus (D)
5 creatures vanquished.

Notes
Turn   | Place    | Note
-------+----------+-------------------------------------------
     0 | D        | Found the +6 Majin-Bo {vamp, Archmagi MP+6 Int+6}
     0 | D        | Found the +7 great mace "Firestarter" {inner flame, rF++}
     0 | D        | Freyura the Naga Fighter began the quest for the Orb.
     0 | D        | Reached XP level 1. HP: 21/21 MP: 1/1
     0 | D        | Found a deep blue altar of Sif Muna.
     0 | D        | Found a sacrificial altar of Ru.
     0 | D        | Found a bloodstained altar of Trog.
     0 | D        | Found a stormy altar of Qazlal.
     0 | D        | Found an iron altar of Okawaru.
     0 | D        | Found a sparkling altar of Nemelex Xobeh.
     0 | D        | Found a blossoming altar of Fedhas.
     2 | D        | Found a transporter.
     2 | D        | Found an ancient bone altar of Kikubaaqudgha.
     2 | D        | Found a viscous altar of Jiyva.
     2 | D        | Found a corrupted altar of Lugonu.
     2 | D        | Found a hazy altar of Hepliaklqana.
     2 | D        | Found a burning altar of Makhleb.
     2 | D        | Found an opulent altar of Gozag.
    27 | D        | Found the +9 heavy crossbow "Sniper" {velocity, Acc+∞ SInv}
    27 | D        | Found the +10 dark maul {crush}
    27 | D        | Found the +15 Maxwell's patent armour {-Cast -Tele rElec
                  | MR+ rCorr}
    27 | D        | Found the cursed +14 obsidian axe {chop, +Fly SInv *Curse}
    28 | D        | Found the +6 shillelagh "Devastator" {shatter}
    28 | D        | Found the +11 plutonium sword {*Contam Stlth-}
    28 | D        | Found the +8 lance "Wyrmbane" {slay drac, rPois rF+ rC+
                  | AC+3}
    28 | D        | Found the cursed +13 scythe of Curses {drain, *Curse}
    28 | D        | Found the +0 sword of Power
    28 | D        | Found the +7 mace of Variability {chain chaos}
    28 | D        | Found the +7 Singing Sword
    28 | D        | Found the +7 longbow "Piercer" {penet, EV-2}
    28 | D        | Got the +10 double sword "Plog" {slice, Str+4}
    86 | D        | Became a worshipper of Cheibriados the Contemplative
    94 | D        | Reached skill level 4 in Fighting
    94 | D        | Reached XP level 2. HP: 31/31 MP: 2/2
   115 | D        | Entered arena 2.
   115 | D        | Noticed a purple ugly thing
   115 | D        | Noticed a hog
   115 | D        | Found a transporter.
   120 | D        | Killed a purple ugly thing
   120 | D        | Reached skill level 6 in Fighting
   120 | D        | Reached skill level 5 in Armour
   120 | D        | Reached skill level 5 in Shields
   120 | D        | Reached XP level 3. HP: 33/42 MP: 2/6
   120 | D        | Reached XP level 4. HP: 39/49 MP: 2/7
   120 | D        | Reached XP level 5. HP: 45/56 MP: 2/8
   120 | D        | Reached XP level 6. HP: 50/63 MP: 2/9
   121 | D        | Killed a hog
   121 | D        | Reached * piety under Cheibriados
   121 | D        | Reached skill level 7 in Fighting
   121 | D        | Reached skill level 5 in Invocations
   121 | D        | Reached skill level 5 in Evocations
   121 | D        | Reached XP level 7. HP: 58/72 MP: 2/11
   193 | D        | Entered arena 3.
   193 | D        | Found a transporter.
   194 | D        | Found the ring of Shadows {Umbra +Inv Stlth+}
   194 | D        | Reached ** piety under Cheibriados
   219 | D        | Entered arena 4.
   219 | D        | Noticed a mace of holy wrath
   219 | D        | Noticed a deep elf archer
   219 | D        | Noticed a dire flail of protection
   219 | D        | Noticed a deep elf knight
   219 | D        | Found a transporter.
   220 | D        | Found the +0 pair of fencer's gloves {+Riposte Dex+3}
   220 | D        | Found the +9 sword of Zonguldrok {reap}
   225 | D        | Slain by a deep elf knight

Skill      XL: |  1  2  3  4  5  6  7 |
---------------+----------------------+-----
Fighting       | 4 6 7 |  7.1
Long Blades    | 4 6 |  6.9
Armour         | 3 5 6 |  6.0
Shields        | 3 5 6 |  6.0
Dodging        | 3 4 |  4.1
Invocations    | 4 5 |  5.5
Evocations     | 4 5 |  5.1

Action                   |  1- 3 |  4- 6 |  7- 9 || total
-------------------------+-------+-------+-------++-------
Melee: Double sword      |     3 |     1 |     7 ||    11
Evoke: Wand              |     2 |       |     4 ||     6
  Use: Potion            |     1 |       |       ||     1
Armor: Storm dragon scal |       |       |     1 ||     1
Dodge: Dodged            |       |       |     2 ||     2
Block: Large shield      |     3 |     2 |    13 ||    18
